 Dungeon Crawl Stone Soup version 0.30-a0-347-gf58ed5266c (webtiles) character file.

Game seed: 17874437767427146922

106 mcwallace the Conjurer (level 4, -1/22 HPs)
             Began as a Vine Stalker Conjurer on Nov 6, 2022.
             Shot with an arrow by a centaur (6 damage)
             ... summoned by a hobgoblin
             ... on level 3 of the Dungeon.
             The game lasted 00:05:26 (3041 turns).

mcwallace the Conjurer (Vine Stalker Conjurer)      Turns: 3041, Time: 00:05:26

Health: -1/22      AC:  5    Str: 10    XL:     4   Next: 84%
Magic:  0/9        EV: 12    Int: 20    God:
Gold:   98         SH:  0    Dex: 12    Spells: 6/9 levels left

rFire   . . .      SeeInvis .    q - +1 short sword (speed) {short}
rCold   . . .      Faith    .    (no shield)
rNeg    . . .      Spirit   +    a - +0 robe
rPois   .          Reflect  .    (no helmet)
rElec   .          Harm     .    (no cloak)
rCorr   .          Rampage  .    (no gloves)
Will    .....                    d - +2 pair of boots
Stlth   ++........               (no amulet)
HPRegen 1.03/turn                (no ring)
MPRegen 0.11/turn                (no ring)

@: no status effects
A: fangs 2, regeneration 1, magic shield, antimagic bite, no potion heal 2
a: no special abilities


You were on level 3 of the Dungeon.
You visited 1 branch of the dungeon, and saw 3 of its levels.

You collected 98 gold pieces.


Innate Abilities, Weirdness & Mutations

You have extremely sharp teeth.
Your natural rate of healing is unusually fast.
When hurt, damage is shared between your health and your magic reserves.
Your bite disrupts and absorbs the magic of your enemies.
Potions cannot restore your health.


   Skills:
 + Level 1.3 Fighting
 + Level 2.4 Dodging
 - Level 3.0 Stealth
 + Level 3.1 Spellcasting
 + Level 4.5 Conjurations


You had 6 spell levels left.
You knew the following spells:

 Your Spells              Type           Power      Damage    Failure   Level
a - Magic Dart            Conj           84%        1d7       2%          1
b - Searing Ray           Conj           42%        2d6       3%          2

Your spell library contained the following spells:

 Spells                   Type           Power      Damage    Failure   Level
 Sandblast                Erth           6%         2d5       14%         1
 Dazzling Flash           Conj/Hex       24%        N/A       17%         3
 Stone Arrow              Conj/Erth      24%        3d8       17%         3
 Passwall                 Tmut/Erth      2%         N/A       22%         2
 Inner Flame              Hex/Fire       3%         N/A       38%         3
 Flame Wave               Conj/Fire      12%        2d6       50%         4
 Fulminant Prism          Conj/Hex       6%         3d7       50%         4
 Iskenderun's Mystic Bla  Conj/Tloc      12%        2d5       50%         4
 Sticky Flame             Conj/Fire      12%        2d4       50%         4

Inventory:

Hand Weapons
 c - a +0 dagger {short}
   (You took it off a goblin on level 1 of the Dungeon)
 f - a +0 club {mace}
   (You took it off a goblin on level 1 of the Dungeon)
 h - a +0 short sword {short}
   (You took it off a kobold on level 1 of the Dungeon)
 q - a +1 short sword of speed (weapon) {short}
   (You found it on level 1 of the Dungeon)
Missiles
 i - 31 stones {throwing}
 p - a throwing net {=f!fthrowing}
 t - 4 javelins {throwing}
Armour
 a - a +0 robe (worn)
 d - a +2 pair of boots (worn)
   (You found it on level 1 of the Dungeon)
 e - a +0 chain mail
   (You found it on level 1 of the Dungeon)
 k - a +0 robe
   (You found it on level 1 of the Dungeon)
 r - a +0 ring mail
   (You found it on level 1 of the Dungeon)
 s - a +0 leather armour
   (You found it on level 1 of the Dungeon)
Scrolls
 g - 2 scrolls of magic mapping {unknown}
 j - 2 scrolls of fear {unknown}
 l - a scroll of brand weapon {unknown}
 u - 2 scrolls of fog {unknown}
 w - a scroll of noise {unknown}
 x - a scroll of teleportation {unknown}
 y - a scroll of identify {unknown}
Potions
 b - a potion of magic
 m - a potion of brilliance {unknown}
 n - a potion of resistance {unknown}
 o - a potion of heal wounds {unknown}
 v - 2 potions of might {unknown}
 z - a potion of curing {unknown}

Dungeon Overview and Level Annotations

Branches:
Dungeon (3/15) Zot: 14949

Altars:

#......##.......#
#.####.##.#####.#
#.......##.+
####.##.##.#
#.##.##c#
#####....c..#
#........#..#
.....###.#.....#####
... .#.@.#).#.......
.......#............
....)#...#..........
.... ###.......#####
### ...<.......#
########.### #.# #.#
#.#


You could see a centaur (summoned).


Message History

Your hp is fully restored (22).
Your mp is fully restored (9).
Found a stone staircase leading up.
An orc comes into view. It is wielding a +0 club.
The orc shouts!
A ball python comes into view.
Aiming: Magic Dart (safe; 2% risk of failure)
Press: ? - help, Q - select action, (/) - cycle Shift-Dir - straight line, f - orc
Aim: an orc, wielding a +0 club (100% to hit)
The magic dart hits the orc. 😎 MP[-1]
You lost 1 mp, and now have 8/9 mp.
Aiming: Magic Dart (safe; 2% risk of failure)
Press: ? - help, Q - select action, (/) - cycle Shift-Dir - straight line, f/p - orc
Aim: an orc, wielding a +0 club (lightly wounded, 100% to hit)
The magic dart hits the orc. 😎 MP[-1]
You lost 1 mp, and now have 7/9 mp.
Aiming: Magic Dart (safe; 2% risk of failure)
Press: ? - help, Q - select action, (/) - cycle Shift-Dir - straight line, f/p - orc
Aim: an orc, wielding a +0 club (severely wounded, 100% to hit)
The magic dart hits the orc. 😎 MP[-1]
You lost 1 mp, and now have 6/9 mp.
Aiming: Magic Dart (safe; 2% risk of failure)
Press: ? - help, Q - select action, (/) - cycle Shift-Dir - straight line, f/p - orc
Aim: an orc, wielding a +0 club (almost dead, 100% to hit)
The magic dart hits the orc.
You kill the orc! 😎 MP[-1]
You lost 1 mp, and now have 5/9 mp.
Aiming: Magic Dart (safe; 2% risk of failure)
Press: ? - help, Q - select action, (/) - cycle Shift-Dir - straight line, f - ball python
Aim: a ball python (100% to hit)
The magic dart hits the ball python.
You kill the ball python! 😎 MP[-1]
You lost 1 mp, and now have 4/9 mp.
z - a white potion 😎 MP[+5]
Your mp is fully restored (9).
A frilled lizard comes into view.
Found a war axe.
Found a stone staircase leading down.
Aiming: Magic Dart (safe; 2% risk of failure)
Press: ? - help, Q - select action, (/) - cycle Shift-Dir - straight line, f - frilled lizard
Aim: a frilled lizard (asleep, 100% to hit)
The magic dart hits the frilled lizard!
You kill the frilled lizard! 😎 MP[-1]
You lost 1 mp, and now have 8/9 mp.
A hobgoblin comes into view.
Aiming: Magic Dart (safe; 2% risk of failure)
Press: ? - help, Q - select action, (/) - cycle Shift-Dir - straight line, f - hobgoblin
Aim: a hobgoblin (wandering, hasn't noticed you, 100% to hit)
The magic dart hits the hobgoblin. 😎 MP[-1]
You lost 1 mp, and now have 7/9 mp.
Aiming: Magic Dart (safe; 2% risk of failure)
Press: ? - help, Q - select action, (/) - cycle Shift-Dir - straight line, f/p - hobgoblin
Aim: a hobgoblin (heavily wounded, 100% to hit)
The magic dart hits the hobgoblin.
The hobgoblin reads a scroll.
Wisps of shadow swirl around the hobgoblin. 😎 MP[-1]
You lost 1 mp, and now have 6/9 mp. 😎 MP[+1]
The centaur wields a +0 shortbow.
The centaur shoots an arrow.
The arrow hits you. 😕 HP[-3] MP[-2]
You take 3 damage, and now have 19/22 hp.
You lost 2 mp, and now have 5/9 mp.
The centaur shoots an arrow.
The arrow hits you! 😮 HP[-5] MP[-1]
You take 5 damage, and now have 14/22 hp.
MASSIVE DAMAGE!! (PAUSE)
You lost 1 mp, and now have 4/9 mp.
The centaur shoots an arrow.
The arrow hits you!
* * * LOW HITPOINT WARNING * * *
😨 HP[-6] MP[-1]
You take 6 damage, and now have 8/22 hp.
MASSIVE DAMAGE!! (PAUSE)
You lost 1 mp, and now have 3/9 mp. 😨 HP[+1] 😨 HP[+1] 😨 HP[+1]
The centaur shoots an arrow.
The arrow hits you!
* * * LOW HITPOINT WARNING * * *
😨 HP[-5] MP[-1]
You take 5 damage, and now have 6/22 hp.
MASSIVE DAMAGE!! (PAUSE)
You lost 1 mp, and now have 2/9 mp.
The centaur shoots an arrow.
The arrow hits you.
* * * LOW HITPOINT WARNING * * *
The centaur shoots an arrow.
The arrow hits you.
* * * LOW HITPOINT WARNING * * *
😱 HP[-3] MP[-1]
You take 3 damage, and now have 3/22 hp.
You lost 1 mp, and now have 1/9 mp. 😱 HP[+1] MP[+1]
The centaur shoots an arrow.
The arrow hits you!
You die...

Skill      XL: |  1  2  3  4 |
---------------+-------------+-----
Dodging        | 2 |  2.4
Stealth        | 3 |  3.0
Fighting       | 1 |  1.3
Spellcasting   | 3 |  3.1
Conjurations   | |  4.5

Action                   |  1- 3 |  4- 6 || total
-------------------------+-------+-------++-------
Melee: Unarmed           |     2 |       ||     2
       Bite              |     6 |       ||     6
       Short sword       |    12 |     2 ||    14
 Cast: Magic Dart        |    73 |    52 ||   125
Armor: Robe              |     3 |     3 ||     6
Dodge: Dodged            |    17 |     5 ||    22

Levels and vault maps discovered:
D:1:      sevenhm_arrival_forest_fort_small_4, layout_basic,
          amcnicky_mini_rare_corridor_liquid
D:2:      minmay_angry_zag, layout_basic, kennysheep_decorative_pillar,
          nicolae_hexahallways
D:3:      layout_loops_cross, worldfamousw_hep_ancestral_shrine,
          uniq_crazy_yiuf_cottage, uniq_terence

Notes
Turn   | Place    | Note
-------+----------+-------------------------------------------
     0 | D:1      | mcwallace the Vine Stalker Conjurer began the quest for the
                  | Orb.
     0 | D:1      | Reached XP level 1. HP: 9/9 MP: 4/4
     0 | D:1      | magus.rc [v1.9.6]
   107 | D:1      | Reached XP level 2. HP: 13/13 MP: 3/6
   463 | D:1      | Reached skill level 2 in Dodging
   463 | D:1      | Reached skill level 3 in Stealth
   549 | D:1      | Reached XP level 3. HP: 16/16 MP: 5/7
  1433 | D:2      | Learned a level 2 spell: Searing Ray
  1516 | D:2      | Gained mutation: Your natural rate of healing is unusually
                  | fast. [Vine Stalker growth]
  1516 | D:2      | Reached XP level 4. HP: 18/21 MP: 1/9
  1726 | D:2      | Reached skill level 1 in Fighting
  1797 | D:2      | You pick up a book of Geomancy and begin reading...
  1797 | D:2      | You add the spells Sandblast, Passwall and Stone Arrow to
                  | your library.
  2281 | D:2      | Reached skill level 3 in Spellcasting
  2443 | D:2      | You pick up a book of Flames and begin reading...
  2443 | D:2      | You add the spells Inner Flame, Sticky Flame and Flame Wave
                  | to your library.
  3029 | D:3      | Noticed a centaur
  3039 | D:3      | HP: 4/22 [centaur/arrow[a hobgoblin] (4)]
  3041 | D:3      | Shot with an arrow by a centaur

Vanquished Creatures
  A gnoll (D:2)
  3 adders (D:2)
  A worm (D:2)
  A dart slug (D:1)
  An orc (D:3)
  4 endoplasms
  4 giant cockroaches
  4 goblins
  5 hobgoblins
  8 jackals
  3 quokkas
  6 ball pythons
  4 bats (D:1)
  3 frilled lizards
  7 kobolds
  4 rats
59 creatures vanquished.

Table legend:
 A = Non-vault XP
 B = Vault XP
 C = Vault XP percentage of total XP
 D = Non-vault monster count
 E = Vault monster count
 F = Vault count percentage of total count
                 A         B        C        D         E       F
            +---------+---------+-------+---------+---------+-------
      Total |     125 |      27 |  17.8 |      52 |       7 |  11.9
            +---------+---------+-------+---------+---------+-------
        D:1 |      55 |       0 |   0.0 |      32 |       0 |   0.0
        D:2 |      63 |      27 |  30.0 |      15 |       7 |  31.8
        D:3 |       7 |       0 |   0.0 |       5 |       0 |   0.0
            +---------+---------+-------+---------+---------+-------

Illustrated notes

Table legend:
 A = Kills in this place as a percentage of kills in entire the game.
 B = Kills by you in this place as a percentage of kills by you in the entire game.
 C = Kills by friends in this place as a percentage of kills by friends in the entire game.
 D = Other kills in this place as a percentage of other kills in the entire game.
 E = Experience gained in this place as a percentage of experience gained in the entire game.
 F = Experience gained in this place divided by the number of levels of this place that you have seen.
                   A       B       C       D       E      F
               +-------+-------+-------+-------+-------+----------------------
         Total | 100.0 | 100.0 |   N/A |   N/A | 100.0 |  50.7
       Dungeon | 100.0 | 100.0 |   N/A |   N/A | 100.0 |  50.7
               +-------+-------+-------+-------+-------+----------------------

Table legend: (Time is in decaauts)
 A = Elapsed time spent in this place.
 B = Non-inter-level travel time spent in this place.
 C = Inter-level travel time spent in this place.
 D = Time resting spent in this place.
 E = Time spent auto-exploring this place.
 F = Levels seen in this place.
 G = Mean time per level.
                   A        B        C        D        E       F      G
               +--------+--------+--------+--------+--------+-----+--------+
         Total |   3049 |   2894 |    155 |      0 |   2640 |   3 | 1016.3 |
       Dungeon |   3049 |   2894 |    155 |      0 |   2640 |   3 | 1016.3 |
               +--------+--------+--------+--------+--------+-----+--------+

Top non-repeatable levels by time:
     D:1: 1429 daAuts
     D:2: 1412 daAuts
     D:3: 207 daAuts
